 Dungeon Crawl Stone Soup version 0.29-a0-857-g9b1aa3ac5b (webtiles) character file.

Game seed: 14903804020150761653

246 concernfroge the Trooper (level 5, -3/42 HPs)
             Began as a Mummy Monk on July 16, 2022.
             Slain by an orc
             ... wielding a +0 flail
              (5 damage)
             ... on level 3 of the Dungeon.
             The game lasted 00:14:21 (3982 turns).

concernfroge the Trooper (Mummy Monk)               Turns: 3982, Time: 00:14:21

Health: -3/42      AC:  7    Str: 16    XL:     5   Next: 84%
Magic:  0/5        EV: 13    Int: 12    God:
Gold:   125        SH:  4    Dex: 15    Spells: 4/4 levels left

rFire   x . .      SeeInvis .   a - +0 spear
rCold   + . .      Faith    .   d - +0 buckler
rNeg    + + +      Spirit   +   k - +0 scale mail
rPois   ∞          Reflect  .   (no helmet)
rElec   .          Harm     .   (no cloak)
rCorr   +          Rampage  .   e - +0 pair of gloves
Will    .....                   (no boots)
Stlth   +.........              j - amulet of Vuts {Spirit Int+3}
HPRegen 0.14/turn               c - ring of resist corrosion
MPRegen 0.09/turn               i - +4 ring of evasion

@: about to teleport
A: cold resistance 1, negative energy resistance 3, torment resistance 2, heat
vulnerability 1, in touch with death 1, no potions
a: no special abilities


You were on level 3 of the Dungeon.
You visited 1 branch of the dungeon, and saw 4 of its levels.

You collected 125 gold pieces.

Inventory:

Hand Weapons
 a - a +0 spear (weapon)
Armour
 d - a +0 buckler (worn)
 e - a +0 pair of gloves (worn)
 k - a +0 scale mail (worn)
Jewellery
 c - a ring of resist corrosion (left hand)
 i - a +4 ring of evasion (right hand)
 j - the amulet of Vuts (around neck) {Spirit Int+3}
   (You found it on level 2 of the Dungeon)

   [amulet of guardian spirit]

   It causes incoming damage to be divided between your reserves of health and
   magic.
   Int:       It affects your intelligence (+3).
Scrolls
 f - 2 scrolls of amnesia
 g - a scroll of noise
 h - a scroll of teleportation


   Skills:
 + Level 4.3 Fighting
 + Level 3.5 Polearms
 + Level 2.0 Armour
 - Level 2.4 Dodging
 - Level 1.5 Stealth
 + Level 2.0 Shields


You had 4 spell levels left.
You didn't know any spells.
Your spell library contained the following spells:

 Spells                   Type           Power      Damage    Failure   Level
 Freezing Cloud           Conj/Ice/Air   0%         6-21      100%        5
 Simulacrum               Ice/Necr       0%         N/A       100%        6
 Polar Vortex             Ice            0%         N/A       100%        9


Dungeon Overview and Level Annotations

Branches:
Dungeon (4/15)
 Temple: D:4-7

Altars:
Trog

Annotations:
D:2 1 runed translucent door, Crazy Yiuf


Innate Abilities, Weirdness & Mutations

You are immune to poison.
Your flesh is cold resistant. (rC+)
You are immune to negative energy. (rN+++)
You are immune to unholy pain and torment.
You are vulnerable to heat. (rF-)
You are in touch with the powers of death.
You do not drink.


Message History

A magic dart appears from out of thin air!
The magic dart hits you.
You hit something but do no damage. Something hits you but does no damage.
You hit something. Something hits you. The orc closely misses you.
You barely miss the orc. Something hits you but does no damage.
The orc hits you but does no damage.
You're too confused to move!
Something hits you. The orc barely misses you.
You closely miss something.
You feel less confused. Something hits you. The orc misses you.
You barely miss the orc. Something hits you. The orc hits you with a +0 mace.
You hit the orc.
The orc is heavily wounded.
Something hits you but does no damage. The orc hits you with a +0 mace.
You hit the orc but do no damage.
The orc is heavily wounded.
Something hits you. The orc hits you with a +0 mace.
You hit the orc.
The orc is almost dead.
Something hits you. The orc hits you but does no damage.
You hit the orc.
You kill the orc!
You hear some strange, mumbled words.
A magic dart appears from out of thin air!
The magic dart hits you.
* * * LOW HITPOINT WARNING * * *
Really read the scroll of noise?
Okay, then.
As you read the scroll of teleportation, it crumbles to dust.
You feel strangely unstable. The orc closely misses you.
You hear some strange, mumbled words.
A magic dart appears from out of thin air!
The magic dart hits you!
* * * LOW HITPOINT WARNING * * *
Okay, then.
As you read the scroll labelled IMOTTI GIWY, it crumbles to dust.
You feel a surge of unholy energy.
The orc convulses!
Something is bathed in an unholy light!
It was a scroll of torment.
The orc hits you with a +0 flail.
You die...

#.# ##..####### #.# #..#
########.# #..####### #......#.#
#..#...... #......#.#
######..#.##### #......#.#
........#.# # #......#.#
........#.# #
#......#.#########..#.#
#######......#.#@o........#.##
##.#.#.......#.#{#.#.#.#.#.#.##
###.#.#.#.#'#.#.#)#.#.#.#.#.#.#
##.#.#.#.#.#.#.#.#.#.#.#.#.#.####
..#.#.#.#.#.#.#.#.>.#.#.#.#.#....
.#+#.#.#.#+#.#.#.#o#.#.#.#.#.####
............#.#o#.#.#.#.#.#.#.#
.......#.....#.<.#.#.#.#.#.#.##
.......'....#.#.###.#.#.#.#.#.#


You could see an orc.

Vanquished Creatures
  Terence (D:2)
  3 gnolls (D:3)
  6 adders
  A worm (D:2)
  5 orcs
  4 bats
  7 endoplasms
  2 giant cockroaches
  9 goblins
  5 hobgoblins
  3 jackals (D:2)
  4 quokkas
  8 ball pythons
  5 frilled lizards
  7 kobolds
  4 rats
74 creatures vanquished.

Vanquished Creatures (collateral kills)
  A jelly (D:3)
1 creature vanquished.

Vanquished Creatures (others)
  17 plants (D:2)
17 creatures vanquished.

Grand Total: 92 creatures vanquished

Notes
Turn   | Place    | Note
-------+----------+-------------------------------------------
     0 | D:1      | concernfroge the Mummy Monk began the quest for the Orb.
     0 | D:1      | Reached XP level 1. HP: 18/18 MP: 1/1
   139 | D:1      | Reached XP level 2. HP: 15/24 MP: 2/2
   857 | D:2      | Gained mutation: You are in touch with the powers of death.
                  | [Mummy growth]
   857 | D:2      | Reached XP level 3. HP: 29/29 MP: 3/3
  1365 | D:2      | Identified the amulet of Vuts {Spirit Int+3}
  1426 | D:2      | Reached skill level 1 in Shields
  1487 | D:2      | Reached skill level 1 in Armour
  1684 | D:2      | Found a runed translucent door.
  1685 | D:2      | Noticed Crazy Yiuf
  1976 | D:2      | Reached XP level 4. HP: 30/37 MP: 4/4
  2031 | D:2      | Noticed Terence
  2052 | D:2      | Killed Terence
  2558 | D:3      | Identified the +9 war axe "Safrecat" {elec, Will+}
  2583 | D:3      | Found a bloodstained altar of Trog.
  2722 | D:3      | Reached skill level 4 in Fighting
  2722 | D:3      | Reached XP level 5. HP: 6/42 MP: 0/5
  3921 | D:4      | Noticed a black bear
  3981 | D:3      | HP: 1/42 [something/magic dart (7)]
  3982 | D:3      | Slain by an orc

Illustrated notes

Levels and vault maps discovered:
D:1:      dpeg_arrival_three_same_balls, layout_rooms
D:2:      layout_basic, lexackson_kobold_supper, uniq_crazy_yiuf_cottage,
          uniq_terence
D:3:      layout_basic, grunt_temple_overflow_diamond, st_stairs_4
D:4:      layout_gridville, mainiacjoe_overflow_cross_hatched,
          kennysheep_generic_room_14

Skill      XL: |  1  2  3  4  5 |
---------------+----------------+-----
Polearms       | 3 |  3.5
Shields        | 1 2 |  2.0
Armour         | 1 2 |  2.0
Fighting       | 4 |  4.3
Dodging        | |  2.4
Stealth        | |  1.5

Action                   |  1- 3 |  4- 6 || total
-------------------------+-------+-------++-------
Melee: Spear             |   231 |   177 ||   408
  Use: Scroll            |       |     8 ||     8
 Stab: Sleeping          |    10 |       ||    10
       Distracted        |     1 |       ||     1
Armor: Robe              |    37 |     1 ||    38
       Scale mail        |       |    65 ||    65
Dodge: Dodged            |    98 |    70 ||   168
Block: Buckler           |    24 |    24 ||    48

Table legend: (Time is in decaauts)
 A = Elapsed time spent in this place.
 B = Non-inter-level travel time spent in this place.
 C = Inter-level travel time spent in this place.
 D = Time resting spent in this place.
 E = Time spent auto-exploring this place.
 F = Levels seen in this place.
 G = Mean time per level.
                   A        B        C        D        E       F      G
               +--------+--------+--------+--------+--------+-----+--------+
         Total |   3978 |   3825 |    153 |    965 |   2089 |   4 |  994.5 |
       Dungeon |   3978 |   3825 |    153 |    965 |   2089 |   4 |  994.5 |
               +--------+--------+--------+--------+--------+-----+--------+

Top non-repeatable levels by time:
     D:2: 1595 daAuts
     D:3: 917 daAuts
     D:1: 808 daAuts
     D:4: 657 daAuts
